 Dungeon Crawl Stone Soup version 0.28.0 (webtiles) character file.

Game seed: 1845331934271283236

6 beardedkeet the Grasshopper (level 1, 0/10 HPs)
             Began as a Spriggan Warper on Feb 8, 2022.
             Slain by a bat (1 damage)
             ... on level 1 of the Dungeon.
             The game lasted 00:04:03 (735 turns).

beardedkeet the Grasshopper (Spriggan Warper)        Turns: 735, Time: 00:04:04

Health: 0/10       AC:  2    Str:  7    XL:     1   Next: 75%
Magic:  5/5        EV: 17    Int: 14    God:
Gold:   24         SH:  0    Dex: 14    Spells: 5/5 levels left

rFire   . . .      SeeInvis +   e - +0 dagger
rCold   . . .      Faith    .   (no shield)
rNeg    . . .      Spirit   .   b - +0 robe
rPois   .          Reflect  .   (helmet restricted)
rElec   .          Harm     .   (no cloak)
rCorr   .          Rampage  .   (gloves unavailable)
Will    .....                   (boots unavailable)
Stlth   ++........              (no amulet)
HPRegen 0.03/turn               (no ring)
MPRegen 0.09/turn               (no ring)

@: very quick
A: very small, no large weapons, unfitting armour, see invisible, speed 3
a: no special abilities


You were on level 1 of the Dungeon.
You visited 1 branch of the dungeon, and saw 1 of its levels.

You collected 24 gold pieces.

Inventory:

Hand Weapons
 a - a +0 short sword
 e - a +0 dagger (weapon)
Missiles
 d - 5 boomerangs of dispersal (quivered)
Armour
 b - a +0 robe (worn)
Scrolls
 c - a scroll of blinking
 f - a scroll of identify {unknown}


   Skills:
 - Level 1.5 Fighting
 - Level 2.2 Short Blades
 - Level 1.0 Throwing
 - Level 3.2 Dodging
 * Level 2.1 Stealth
 - Level 2.7 Spellcasting
 - Level 4.4 Translocations


You had 5 spell levels left.
You didn't know any spells.
Your spell library contained the following spells:

 Spells                   Type           Power      Damage    Failure   Level
 Blink                    Tloc           28%        N/A       5%          2
 Gell's Gravitas          Tloc           14%        N/A       11%         3
 Lesser Beckoning         Tloc           14%        N/A       11%         3
 Teleport Other           Tloc           14%        N/A       11%         3
 Manifold Assault         Tloc           14%        N/A       69%         5


Dungeon Overview and Level Annotations

Branches:
Dungeon (1/15)

Altars:


Innate Abilities, Weirdness & Mutations

You are very small and have problems with some larger weapons.
You are too small for most types of armour.
You have supernaturally acute eyesight. (SInv)
You cover ground extremely quickly. (Speed+++)


Message History

You miss the bat.
The bat is moderately wounded.
The bat misses you. The bat completely misses you.
You barely miss the bat.
The bat is moderately wounded.
The bat hits you.
* * * LOW HITPOINT WARNING * * *
The bat completely misses you. The bat hits you.
* * * LOW HITPOINT WARNING * * *
The bat closely misses you. The bat hits you.
* * * LOW HITPOINT WARNING * * *
The bat hits you but does no damage. The bat hits you but does no damage.
There is a stone staircase leading down here.
You hit the bat.
The bat is moderately wounded.
The bat misses you. The bat closely misses you.
You hit the bat but do no damage.
The bat is moderately wounded.
The bat closely misses you. The bat misses you. The bat closely misses you.
You barely miss the bat.
The bat is moderately wounded.
The bat hits you but does no damage. The bat completely misses you.
The goblin shouts!
The bat barely misses you.
You hit the bat.
The bat is severely wounded.
The bat closely misses you. The bat completely misses you.
The bat hits you but does no damage.
You closely miss the bat.
The bat is severely wounded.
The bat hits you.
* * * LOW HITPOINT WARNING * * *
The bat barely misses you. The bat hits you.
You die...

##.#.##b# #..#.##S#####
######..#.#......#
#.........#......#
#......#..#......#
#......#..#......#
#......##.#......######
+......##.........b....
#.....@##..#+##########
###.##b##....#
#.##.##.#..# ########
####.##.##.#..#
#..#....
...........##.##.#
#.#.....
#######)#..##.##>#
##...... ...#..##.##.#
#......# #.#.#..##.##.#
#.....## ..
#.#.g##.##.###...b...


You could see a bat.

Vanquished Creatures
  2 bats (D:1)
  A kobold (D:1)
  2 ball pythons (D:1)
5 creatures vanquished.

Notes
Turn   | Place    | Note
-------+----------+-------------------------------------------
     0 | D:1      | beardedkeet the Spriggan Warper began the quest for the
                  | Orb.
     0 | D:1      | Reached XP level 1. HP: 10/10 MP: 5/5
   299 | D:1      | Reached skill level 1 in Stealth
   735 | D:1      | Slain by a bat

Illustrated notes

Levels and vault maps discovered:
D:1:      matt_arrival_grand_opening, layout_basic,
          hellmonk_ecumenical_altar_prayer_group, hangedman_feature_mirror

Skill      XL: |  1 |
---------------+----+-----
Stealth        | 2 |  2.1
Fighting       | |  1.5
Short Blades   | |  2.2
Throwing       | |  1.0
Dodging        | |  3.2
Spellcasting   | |  2.7
Translocations | |  4.4

Action                   || total
-------------------------++-------
Melee: Dagger            ||    55
       Short sword       ||     3
       Punch             ||     1
 Stab: Sleeping          ||     1
Armor: Robe              ||    13
Dodge: Dodged            ||    78
